 Dungeon Crawl Stone Soup version 0.21.1-1-g345015f (webtiles) character file.

20329 empire the Destroyer (level 12, -5/94 HPs)
             Began as a Grey Draconian Conjurer on June 18, 2018.
             Was the Champion of Cheibriados.
             Slain by a tentacle (15 damage)
             ... attached to a kraken
             ... on level 1 of the Shoals on June 19, 2018.
             The game lasted 00:43:49 (16049 turns).

empire the Destroyer (Grey Draconian Conjurer)     Turns: 16049, Time: 00:43:49

Health: -5/94      AC: 19    Str: 28    XL:     12   Next: 44%
Magic:  10/34      EV: 18    Int: 33    God:    Cheibriados [******]
Gold:   1162       SH:  2    Dex: 27    Spells: 15/29 levels left

rFire    . . .     SeeInvis .   a - +1 flail (protect)
rCold    . . .     Gourm    .   (no shield)
rNeg     . . .     Faith    .   (armour unavailable)
rPois    .         Spirit   .   (helmet restricted)
rElec    .         Reflect  +   U - +2 cloak {MR+}
rCorr    .         Harm     .   (no gloves)
MR       +....                  q - +2 pair of boots
Stlth    ++++......             s - +2 amulet of reflection
HPRegen  0.25/turn              t - ring of magical power
MPRegen  0.24/turn              A - ring of stealth

@: about to teleport, very slightly contaminated, very slow
A: walk through water, unfitting armour, unbreathing, cold-blooded, AC +13
a: Bend Time, Temporal Distortion, Slouch, Step From Time, Renounce Religion


You were on level 1 of the Shoals.
You worshipped Cheibriados.
Cheibriados was exalted by your worship.
You were not hungry.

You visited 4 branches of the dungeon, and saw 14 of its levels.
You also visited: Bailey.

You collected 1162 gold pieces.

Inventory:

Hand Weapons
 a - a +1 flail of protection (weapon)
 b - a +0 mace of holy wrath
 d - a +2 whip of flaming
 o - a +1 morningstar of draining
 y - a +0 club
 z - a +0 mace
 D - a cursed -1 trident
 E - a +0 scimitar
 H - a +0 trident of freezing
 I - a cursed -2 hand crossbow
 S - a +1 dagger of venom
 Y - a +2 battleaxe of flaming
Missiles
 x - 3 javelins (quivered)
 J - 46 bolts
Armour
 q - a +2 pair of boots (worn)
 U - a +2 cloak of magic resistance (worn)
Jewellery
 s - a +2 amulet of reflection (around neck)
 t - a ring of magical power (left hand)
 A - a ring of stealth (right hand)
 K - an uncursed ring of flight
 L - an uncursed amulet of faith
 M - an uncursed ring of wizardry
 Q - an uncursed ring of protection from magic
Wands
 C - a wand of paralysis (26)
 F - a wand of digging (12)
 T - a wand of scattershot (1)
Scrolls
 j - 2 scrolls of identify
 G - 5 scrolls of magic mapping
 N - 3 scrolls of enchant weapon {unknown}
 O - 2 scrolls of summoning {unknown}
 P - a scroll of fog {unknown}
 R - a scroll of random uselessness {unknown}
Potions
 c - a potion of agility
 e - 2 potions of cancellation
 g - 3 potions of heal wounds
 h - 3 potions of might
 i - 3 potions of mutation {unknown}
 k - 3 potions of curing
 l - 2 potions of lignification {unknown}
 n - 2 potions of degeneration {unknown}
 u - 3 potions of flight {unknown}
 w - 2 potions of resistance
 V - a potion of brilliance {unknown}
 W - a potion of haste {unknown}
 X - a potion of invisibility
Books
 m - a book of Conjurations

   Spells                             Type                      Level
   a - Magic Dart                     Conjuration                  1
   b - Searing Ray                    Conjuration                  2
   c - Dazzling Spray                 Conjuration/Hexes            3
   d - Fulminant Prism                Conjuration/Hexes            4
   e - Force Lance                    Conjuration/Translocation    4
   f - Iskenderun's Mystic Blast      Conjuration                  4
 p - a book of Changes

   Spells                             Type                      Level
   a - Beastly Appendage              Transmutation                1
   b - Sticks to Snakes               Transmutation                2
   c - Spider Form                    Transmutation/Poison         3
   d - Ice Form                       Ice/Transmutation            4
   e - Blade Hands                    Transmutation                5
 B - a book of Callings

   Spells                             Type                      Level
   a - Summon Small Mammal            Summoning                    1
   b - Call Imp                       Summoning                    2
   c - Call Canine Familiar           Summoning                    3
   d - Summon Guardian Golem          Hexes/Summoning              3
   e - Summon Lightning Spire         Summoning/Air                4
   f - Summon Ice Beast               Ice/Summoning                4
Comestibles
 v - 19 rations


   Skills:
 - Level 5.1 Fighting
 - Level 6.0 Maces & Flails
 - Level 6.2 Dodging
 - Level 3.1 Stealth
 + Level 9.1 Spellcasting
 + Level 11.4 Conjurations
 - Level 4.6 Hexes
 - Level 5.5 Translocations
 - Level 5.6 Invocations
 - Level 5.4 Evocations


You had 15 spell levels left.
You knew the following spells:

 Your Spells              Type           Power        Failure   Level  Hunger
a - Magic Dart            Conj           ####         1%          1    None
b - Searing Ray           Conj           ######       1%          2    None
c - Iskenderun's Mystic   Conj           ######..     1%          4    None
d - Dazzling Spray        Conj/Hex       ######       1%          3    None
e - Force Lance           Conj/Tloc      ######..     1%          4    None


Dungeon Overview and Level Annotations

Branches:
Dungeon (10/15)            Temple (1/1) D:5            Lair (2/6) D:8
 Shoals (1/4) Lair:2          Orc (0/2) D:10
  Snake: Lair:2-4    Spider: Lair:2-4

Altars:
Ashenzari
Cheibriados
Dithmenos
Elyvilon
Fedhas
Gozag
Hepliaklqana
Kikubaaqudgha
Makhleb
Nemelex Xobeh
Okawaru
Qazlal
Ru
Sif Muna
Trog
Uskayaw
Vehumet
Wu Jian
Xom
Yredelemnul
Zin
The Shining One

Shops:
D:5 [

Annotations:
D:3 Merlin's ghost, amateur DsCK


Innate Abilities, Weirdness & Mutations

You can walk through water.
Your dull iron-grey scales are very hard. (AC +13)
You cannot fit into any form of body armour.
You can survive without breathing.
You are cold-blooded and may be slowed by cold attacks.


Message History

Aiming: Iskenderun's Mystic Blast
Press: ? - help, Shift-Dir - straight line, f - tentacle
Aim: a tentacle (water)
The orb of energy hits the tentacle.
The tentacle is moderately wounded.
Tentacles burst out of the water!
The tentacle slaps you but does no damage. 3 tentacles come into view.
The tentacle slaps you but does no damage.
The tentacle misses you. The tentacle barely misses you.
The tentacle slaps you but does no damage.
The tentacle slaps you.
* * * LOW HITPOINT WARNING * * *
The tentacle slaps you!
* * * LOW HITPOINT WARNING * * *
The tentacle misses you. The tentacle completely misses you.
The tentacle slaps you but does no damage.
As you read the scroll of teleportation, it crumbles to dust.
You feel strangely unstable. The tentacle misses you. The tentacle slaps you!
You die...

....###...≈≈≈≈≈≈≈≈≈≈≈≈≈≈≈≈
≈≈...##..≈≈≈≈≈≈≈≈≈≈≈≈≈≈≈≈≈
≈≈P......≈≈≈≈≈≈≈≈≈≈≈≈≈≈≈≈≈
≈≈≈...≈≈≈≈≈≈≈≈≈≈≈≈≈≈≈≈≈≈≈≈
.≈≈≈≈..≈≈≈≈≈≈≈≈≈≈≈≈≈≈≈≈≈≈≈
≈≈≈≈..≈≈≈≈≈≈≈≈≈≈≈≈≈≈≈≈≈≈≈≈
≈...##.≈≈≈≈≈≈≈≈≈≈≈≈≈≈≈≈≈≈≈
≈..## .≈ ≈≈≈≈≈≈w≈≈≈≈≈≈≈≈≈≈
≈... ≈≈≈≈≈≈w@≈≈≈≈≈≈≈≈≈
≈≈≈≈≈≈ww≈≈≈≈≈≈≈≈≈
≈≈≈≈≈≈≈≈≈≈≈≈≈≈≈≈≈
≈≈≈≈≈≈≈≈≈≈≈≈≈≈≈≈≈
≈≈≈≈≈≈≈X≈≈≈≈≈≈≈≈≈
≈≈≈≈≈≈≈≈≈≈≈≈≈≈≈≈≈
≈≈≈≈≈≈≈≈≈≈≈≈≈≈≈≈≈
≈≈≈≈≈≈≈≈≈≈≈≈≈≈≈≈≈
≈≈≈≈≈≈)≈≈≈≈≈≈≈≈≈


You could see a kraken and 4 tentacles.

Vanquished Creatures
  A hydra (Lair:2)
  A centaur warrior (D:10)
  Pikel (D:4)
  An orc knight (Bailey)
  The ghost of matthes123 the Grave Robber, a novice GnNe (D:5)
  Maurice (D:8)
  Joseph (Lair:1)
  A merfolk siren (Lair:2)
  6 elephants (Lair:2)
  A gargoyle (D:10)
  6 spiny frogs
  A komodo dragon (Lair:1)
  A merfolk (Shoals:1)
  A wind drake (Shoals:1)
  3 trolls
  Grinder (D:4)
  3 hippogriffs
  A snapping turtle (Shoals:1)
  A water elemental (Shoals:1)
  A wyvern (D:8)
  16 yaks
  Eustachio (D:6)
  Sigmund (D:6)
  A hungry ghost (D:10)
  Duvessa (D:7)
  4 water moccasins
  9 porcupines
  4 ice beasts
  3 black bears
  5 orc warriors
  5 sky beasts
  A phantom (D:6)
  3 wolves (D:8)
  5 ogres
  6 centaurs
  3 big kobolds
  9 bullfrogs
  Dowan (D:7)
  5 scorpions
  6 electric eels
  3 wights (D:9)
  3 howler monkeys
  2 crimson imps
  A centaur zombie (D:6)
  A quasit (D:9)
  2 jellies
  2 bullfrog zombies
  8 hounds
  7 orc wizards
  2 orc priests
  4 iguanas
  3 bullfrog skeletons
  7 hell rats (Lair:2)
  9 worker ants
  A hound skeleton (D:9)
  3 worker ant zombies
  6 adders
  8 gnolls
  16 river rats (Lair:2)
  3 shadow imps
  An ooze (D:7)
  An adder skeleton (D:5)
  4 worms
  3 dart slugs
  7 leopard geckos
  26 orcs
  A ball python (D:3)
  6 giant cockroaches
  11 goblins
  7 hobgoblins
  22 jackals
  13 quokkas
  5 bats
  3 frilled lizards
  29 kobolds
  15 rats
368 creatures vanquished.

Vanquished Creatures (others)
  A river rat (Lair:2)
  4 plants
  3 tentacles (Shoals:1)
8 creatures vanquished.

Grand Total: 376 creatures vanquished

Notes
Turn   | Place    | Note
-------+----------+-------------------------------------------
     0 | D:1      | empire the Draconian Conjurer began the quest for the Orb.
     0 | D:1      | Reached XP level 1. HP: 14/14 MP: 3/3
   477 | D:1      | Reached XP level 2. HP: 20/20 MP: 1/5
   818 | D:1      | Learned a level 2 spell: Searing Ray
   953 | D:1      | Reached XP level 3. HP: 25/26 MP: 4/6
   972 | D:1      | Reached skill level 5 in Conjurations
  1784 | D:2      | Found a faded altar of an unknown god.
  2252 | D:2      | Reached skill level 1 in Fighting
  2395 | D:2      | Noticed an ogre
  2402 | D:2      | Killed an ogre
  2402 | D:2      | Reached XP level 4. HP: 9/35 MP: 0/7
  2402 | D:2      | Reached XP level 5. HP: 10/40 MP: 0/8
  2970 | D:3      | Found a radiant altar of Vehumet.
  2990 | D:3      | Noticed Merlin's ghost (amateur DsCK)
  3123 | D:4      | Reached skill level 6 in Conjurations
  3242 | D:4      | Noticed Grinder
  3248 | D:4      | Paralysed by Grinder for 5 turns
  3265 | D:4      | Paralysed by Grinder for 3 turns
  3280 | D:4      | Killed Grinder
  3280 | D:4      | Reached skill level 7 in Conjurations
  3280 | D:4      | Reached XP level 6. HP: 6/47 MP: 9/9
  3478 | D:4      | Noticed Pikel
  3487 | D:4      | Noticed a slave
  3489 | D:4      | Killed Pikel
  3489 | D:4      | Reached skill level 9 in Conjurations
  3489 | D:4      | Your scales start taking on a dull iron-grey colour.
  3489 | D:4      | Reached XP level 7. HP: 41/52 MP: 8/10
  3489 | D:4      | Gained mutation: You can survive without breathing. [Grey Draconian growth]
  4073 | D:5      | Entered Level 5 of the Dungeon
  4219 | D:5      | Reached XP level 8. HP: 48/59 MP: 11/11
  4469 | D:5      | Found Ostaof's Antique Armour Shop.
  4612 | D:5      | Reached skill level 10 in Conjurations
  4633 | D:5      | Learned a level 4 spell: Iskenderun's Mystic Blast
  4637 | D:5      | Learned a level 3 spell: Dazzling Spray
  4792 | D:5      | Noticed matthes123's ghost (novice GnNe)
  4801 | D:5      | Found a staircase to the Ecumenical Temple.
  4822 | Temple   | Entered the Ecumenical Temple
  4978 | Temple   | Became a worshipper of Cheibriados the Contemplative
  5031 | D:6      | Noticed Sigmund
  5203 | D:5      | Killed matthes123's ghost
  5596 | D:6      | Killed Sigmund
  5596 | D:6      | Reached skill level 1 in Hexes
  5596 | D:6      | Reached skill level 1 in Invocations
  5596 | D:6      | Reached XP level 9. HP: 69/69 MP: 13/13
  5863 | D:6      | Reached * piety under Cheibriados
  5934 | D:6      | Found a hide-covered altar of Uskayaw.
  6034 | D:6      | HP: 3/69 [orc warrior/trident (5)]
  6036 | D:6      | Reached skill level 1 in Evocations
  6351 | D:6      | Found a deep blue altar of Sif Muna.
  6531 | D:6      | Noticed Eustachio
  6545 | D:6      | Killed Eustachio
  7100 | D:7      | Reached ** piety under Cheibriados
  7202 | D:7      | Found a blossoming altar of Fedhas.
  7274 | D:7      | Noticed Duvessa
  7274 | D:7      | Noticed Dowan
  7281 | D:7      | Killed Dowan
  7281 | D:7      | Killed Duvessa
  7484 | D:7      | Reached skill level 5 in Invocations
  7586 | D:7      | Reached XP level 10. HP: 46/77 MP: 7/14
  8100 | D:7      | Reached *** piety under Cheibriados
  8254 | D:8      | Reached skill level 5 in Evocations
  8463 | D:8      | Found a staircase to the Lair.
  8679 | D:8      | Reached **** piety under Cheibriados
  8940 | D:8      | Noticed Maurice
  8947 | D:8      | Killed Maurice
  8958 | D:8      | Reached skill level 5 in Maces & Flails
  9238 | D:9      | Reached skill level 5 in Dodging
  9280 | D:9      | Found a flagged portal.
  9430 | Bailey   | Entered a bailey
  9516 | Bailey   | Reached ***** piety under Cheibriados
  9885 | Bailey   | Noticed an orc knight
  9889 | Bailey   | Found a bloodstained altar of Trog.
 10179 | Bailey   | Killed an orc knight
 10179 | Bailey   | Reached XP level 11. HP: 74/85 MP: 7/17
 10845 | D:9      | Learned a level 4 spell: Force Lance
 11352 | D:9      | Found a basalt altar of Yredelemnul.
 11360 | D:9      | Found a sacrificial altar of Ru.
 11468 | D:10     | Entered Level 10 of the Dungeon
 11521 | D:10     | Found a staircase to the Orcish Mines.
 11665 | D:10     | Reached skill level 5 in Fighting
 11665 | D:10     | Reached skill level 5 in Spellcasting
 12204 | D:10     | Noticed a centaur warrior
 12225 | D:10     | Reached skill level 1 in Translocations
 12230 | D:10     | Killed a centaur warrior
 12685 | Lair:1   | Entered Level 1 of the Lair of Beasts
 13293 | Lair:1   | Noticed Joseph
 13301 | Lair:1   | Reached skill level 5 in Translocations
 13302 | Lair:1   | Killed Joseph
 14031 | Lair:2   | Reached XP level 12. HP: 71/94 MP: 2/23
 14201 | Lair:2   | Reached ****** piety under Cheibriados
 14645 | Lair:2   | Noticed a five-headed hydra
 14880 | Lair:2   | Reached skill level 11 in Conjurations
 15277 | Lair:2   | Found a staircase to the Shoals.
 15354 | Lair:2   | Killed a five-headed hydra
 15723 | Shoals:1 | Entered Level 1 of the Shoals
 16040 | Shoals:1 | Noticed a kraken
 16049 | Shoals:1 | Slain by a tentacle

Skill      XL: |  1  2  3  4  5  6  7  8  9 10 11 12 |
---------------+-------------------------------------+-----
Dodging        | 2 3 5 6 |  6.2
Conjurations   | 5 7 9 10 11 | 11.4
Fighting       | 1 3 4 5 |  5.1
Maces & Flails | 2 3 5 6 |  6.0
Stealth        | 3 |  3.1
Spellcasting   | 3 4 7 9 |  9.1
Hexes          | 1 4 |  4.6
Invocations    | 1 5 |  5.6
Evocations     | 4 5 |  5.4
Translocations | 5 |  5.5

Action                   |  1- 3 |  4- 6 |  7- 9 | 10-12 || total
-------------------------+-------+-------+-------+-------++-------
Melee: Unarmed           |    93 |       |       |       ||    93
       Tailslap          |    12 |     6 |    49 |   117 ||   184
       Mace              |    86 |    69 |    90 |       ||   245
       Flail             |       |       |   206 |   459 ||   665
 Cast: Magic Dart        |    51 |    12 |    55 |    40 ||   158
       Searing Ray       |     2 |     3 |    24 |     6 ||    35
       Iskenderun's Myst |       |       |    15 |   184 ||   199
Invok: Slouch            |       |       |       |     1 ||     1
Evoke: Wand              |       |       |       |     5 ||     5
  Use: Scroll            |       |     7 |     3 |    21 ||    31
       Potion            |       |     2 |     2 |     5 ||     9
 Stab: Sleeping          |     2 |       |    10 |     5 ||    17
       Distracted        |       |       |     1 |     1 ||     2
       Invisible         |       |       |       |     2 ||     2
       Fleeing           |       |       |       |     1 ||     1
  Eat: Chunk             |     3 |     3 |    12 |    22 ||    40
       Ration            |     1 |       |     1 |     2 ||     4
Armor: Skin              |    64 |    41 |   207 |   287 ||   599
Dodge: Dodged            |   151 |    61 |   276 |   628 ||  1116
Block: Other             |       |     5 |    27 |    49 ||    81
       Reflection        |       |       |       |     4 ||     4
